AoeStats
← Random

African Clearing

504838961Analyzed
4v4 RM · 26d ago on Sep 6, 2026· 77m 13s· 8 players
Game mode
Random Map
Map size
Large (8 player)
Population
200
Speed
Normal
Resources
Standard
Victory
Conquest
Starting age
Dark Age
Ending age
Imperial Age
RankedLock teamsTeams togetherTeam positionsShared explorationLock speedFull tech treeHidden civsTurbo modeCheats
Victory
Defeat
🇮🇹 Mongols · Italy
1709
+13
🇲🇽 Koreans · Mexico
1704
+14
🇺🇸 Bohemians · United States
1604
+18
🇨🇳 Huns · China
1603
+18
🇨🇱 Lithuanians · Chile
1743
-20
🇨🇱 Persians · Chile
1715
-18
1582
-13
🇨🇱 Huns · Chile
1555
-12
MZTK | GO1_mx
10:12 Loom
11:45 Loom
13:56 Feudal Age
15:07 Double-Bit Axe
17:58 Castle Age
15:55 Stone Mining
17:27 Gold Mining
17:20 Horse Collar
18:54 Bow Saw
21:14 Wheelbarrow
20:38 Fletching
24:06 Wheelbarrow
24:41 Bodkin Arrow
27:02 Ballistics
27:02 Town Watch
29:36 Hand Cart
35:18 Imperial Age
33:08 Thumb Ring
33:17 Heavy Plow
36:05 Bracer
36:26 Conscription
38:27 Chemistry
38:18 Forging
38:45 Gold Shaft Mining
38:56 Pikeman
39:22 Gambesons
39:40 Squires
39:42 Halberdier
40:59 Elite War Wagon
44:06 Iron Casting
43:32 Scale Mail Armor
43:41 Arson
44:46 Coinage
45:42 Chain Mail Armor
46:09 Husbandry
46:42 Masonry
50:15 Plate Mail Armor
51:34 Two-Man Saw
51:23 Banking
52:16 Architecture
51:27 Treadmill Crane
53:36 Stone Shaft Mining
55:43 Caravan
75:48 Eupseong
77:31 Guilds
OS+ | 青田龙
8:07 Loom
13:45 Feudal Age
15:35 Double-Bit Axe
19:53 Castle Age
18:39 Fletching
19:21 Padded Archer Armor
19:14 Gold Mining
19:39 Horse Collar
21:12 Bodkin Arrow
23:49 Husbandry
25:38 Wheelbarrow
25:27 Bloodlines
26:43 Gold Shaft Mining
26:23 Thumb Ring
28:48 Leather Archer Armor
29:45 Ballistics
30:51 Town Watch
31:31 Heavy Plow
31:49 Fishing Lines
39:33 Imperial Age
39:03 Stone Mining
39:53 Murder Holes
40:21 Bracer
42:30 Chemistry
49:13 Hand Cart
55:32 Elite Mangudai
58:12 Conscription
58:27 Hoardings
59:13 Parthian Tactics
59:27 Onager
64:17 Drill
63:58 Nomads
63:53 Siege Onager
66:37 Light Cavalry
67:41 Hussar
70:54 Gold Shaft Mining
70:26 Scale Barding Armor
70:31 Forging
69:58 Heavy Camel Rider
71:39 Chain Barding Armor
71:20 Scale Mail Armor
71:55 Iron Casting
74:11 Blast Furnace
73:42 Caravan
75:51 Siege Engineers
78:09 Coinage
Random
13:04 Feudal Age
14:00 Double-Bit Axe
16:00 Fletching
18:52 Loom
22:35 Fishing Lines
27:31 Castle Age
26:09 Padded Archer Armor
27:32 Crossbowman
28:08 Bodkin Arrow
30:52 Leather Archer Armor
31:42 Town Watch
42:38 Horse Collar
43:13 Bow Saw
44:43 Heavy Plow
56:29 Imperial Age
54:46 Wheelbarrow
54:37 Squires
54:40 Pikeman
56:36 Scale Mail Armor
56:46 Forging
56:40 Halberdier
57:35 Chain Mail Armor
59:21 Iron Casting
59:05 Caravan
59:55 Plate Mail Armor
59:57 Onager
70:13 Blast Furnace
72:44 Capped Ram
75:14 Chemistry
75:46 Masonry
六六六
12:07 Feudal Age
13:47 Double-Bit Axe
16:12 Castle Age
14:03 Double-Bit Axe
15:09 Fletching
16:33 Loom
17:03 Bow Saw
22:47 Bodkin Arrow
24:07 Ballistics
24:27 Padded Archer Armor
26:26 Bloodlines
29:16 Wheelbarrow
30:46 Leather Archer Armor
31:39 Thumb Ring
33:07 Gold Mining
33:33 Hand Cart
37:37 Imperial Age
35:53 Scale Barding Armor
35:59 Forging
36:27 Gold Shaft Mining
36:03 Marauders
36:56 Husbandry
37:35 Chain Barding Armor
38:30 Iron Casting
38:42 Conscription
40:15 Plate Barding Armor
39:45 Elite Tarkan
40:27 Bracer
41:29 Chemistry
41:48 Cavalier
44:49 Pikeman
48:14 Blast Furnace
47:16 Scale Mail Armor
47:44 Squires
47:30 Arson
47:56 Halberdier
50:09 Chain Mail Armor
54:57 Parthian Tactics
62:40 Town Watch
63:50 Elite Skirmisher
64:50 Heavy Cavalry Archer
73:16 Caravan
74:39 Light Cavalry
[CL] castiii
10:45 Loom
14:25 Feudal Age
15:26 Town Watch
15:29 Double-Bit Axe
18:36 Castle Age
16:23 Horse Collar
19:47 Bow Saw
21:19 Wheelbarrow
23:32 Heavy Plow
23:26 Gold Mining
25:34 Scale Barding Armor
26:49 Bloodlines
29:55 Hand Cart
34:29 Imperial Age
32:03 Stone Mining
33:26 Chain Barding Armor
33:07 Husbandry
34:18 Forging
35:52 Plate Barding Armor
34:38 Cavalier
35:40 Conscription
35:49 Paladin
37:17 Iron Casting
39:57 Fletching
45:51 Coinage
44:46 Light Cavalry
49:22 Winged Hussar
56:13 Caravan
58:30 Bodkin Arrow
73:14 Tower Shields
72:35 Pikeman
73:16 Squires
73:17 Scale Mail Armor
73:20 Halberdier
75:03 Chain Mail Armor
Gojo
11:40 Feudal Age
12:32 Double-Bit Axe
13:34 Loom
15:49 Forging
18:10 Horse Collar
23:46 Castle Age
22:36 Bloodlines
23:35 Light Cavalry
24:37 Scale Barding Armor
36:31 Wheelbarrow
35:51 Town Watch
37:36 Husbandry
39:25 Chain Barding Armor
41:21 Hand Cart
48:36 Imperial Age
48:32 Iron Casting
49:41 Plate Barding Armor
48:34 Heavy Camel Rider
50:24 Blast Furnace
50:58 Elite Skirmisher
51:44 Thumb Ring
52:16 Hussar
54:18 Heavy Plow
54:30 Bow Saw
57:32 Pikeman
58:12 Squires
57:58 Gambesons
58:14 Scale Mail Armor
60:36 Caravan
61:34 Arson
63:21 Gold Mining
63:22 Stone Mining
65:52 Ballistics
65:23 Fletching
67:28 Parthian Tactics
67:03 Bodkin Arrow
67:48 Padded Archer Armor
67:28 Cavalier
69:52 Savar
72:47 Guilds
72:53 Halberdier
73:51 Chain Mail Armor
[CL] TheCobra
6:19 Loom
12:28 Feudal Age
15:28 Double-Bit Axe
17:47 Castle Age
16:36 Gold Mining
17:45 Fletching
18:07 Bloodlines
19:16 Bodkin Arrow
25:39 Ballistics
26:03 Padded Archer Armor
27:50 Horse Collar
28:46 Bow Saw
32:21 Thumb Ring
38:41 Husbandry
47:40 Imperial Age
44:59 Town Watch
47:41 Heavy Cavalry Archer
48:31 Bracer
50:53 Chemistry
51:17 Leather Archer Armor
51:39 Parthian Tactics
57:21 Squires
57:36 Scale Mail Armor
57:47 Forging
57:13 Pikeman
61:36 Wheelbarrow
60:44 Halberdier
61:41 Chain Mail Armor
61:47 Caravan
62:23 Arson
64:05 Masonry
63:51 Murder Holes
66:21 Iron Casting
66:25 Coinage
66:06 Guilds
67:50 Guilds
70:51 Elite Skirmisher
74:19 Light Cavalry
75:05 Scale Barding Armor
76:01 Blast Furnace
75:31 Hussar
76:33 Chain Barding Armor
[CL] ßitokø × 1876
4:51 Loom
13:23 Feudal Age
14:01 Double-Bit Axe
15:10 Fletching
16:28 Padded Archer Armor
24:36 Castle Age
24:53 Fishing Lines
24:40 Crossbowman
25:37 Thumb Ring
25:33 Bodkin Arrow
26:06 Gillnets
31:09 Light Cavalry
33:08 Scale Barding Armor
37:00 Wheelbarrow
38:10 Elite Skirmisher
44:55 Horse Collar
45:30 Bow Saw
46:45 Hand Cart
48:54 Leather Archer Armor
53:22 Imperial Age
52:19 Ballistics
52:10 Masonry
52:22 Chain Barding Armor
53:06 Scale Mail Armor
53:16 Forging
53:08 Heavy Plow
52:59 Gold Mining
53:00 Stone Mining
55:11 Chemistry
54:25 Husbandry
55:02 Elite Elephant Archer
58:14 Iron Casting
57:40 Bracer
58:03 Bombard Tower
59:01 Ring Archer Armor
59:59 Chain Mail Armor
60:19 Iron Casting
62:02 Medical Corps
63:12 Caravan
64:05 Conscription
67:29 Plate Mail Armor
67:34 Iron Casting
71:55 Pikeman
73:25 Wootz Steel
72:52 Halberdier
73:33 Squires
73:19 Arson
73:20 Gambesons
75:10 Blast Furnace
Connection lost

Rejoining the realm…

Still unreachable

The connection could not be restored.

Session expired

The server has moved on; the page needs a fresh start.